[Event "GER-ch Blitz 2019"]
[Site "Magdeburg"]
[Date "2019.05.25"]
[Round "26.1"]
[White "Hirneise, Jens"]
[Black "Gustafsson, Jan"]
[Result "1-0"]
[ECO "C77"]
[WhiteElo "2375"]
[BlackElo "2639"]
[Annotator "ChessBase"]
[PlyCount "143"]
[EventDate "2019.05.25"]
[EventType "tourn"]
[EventCountry "GER"]
[Tiebreak "Number of wins+Number of black wins"]
[SourceTitle "playchess.com"]
[Source "ChessBase"]
[SourceQuality "1"]
[TimeControl "180+2"]

1. e4 e5 2. Nf3 Nc6 3. Bb5 a6 4. Ba4 Nf6 5. d4 exd4 6. O-O Be7 7. Re1 b5 8. e5 Nxe5 9. Nxe5 bxa4 10. Qxd4 O-O 11. Nc3 Bb7 12. Qxa4 c5 13. Bg5 d5 14. Nc6 Bxc6 15. Qxc6 Rc8 16. Qxa6 h6 17. Bxf6 Bxf6 18. Rad1 Bxc3 19. bxc3 Qg5 20. Qd6 Rfd8 21. Qe5 Ra8 22. h4 Qxh4 23. Rxd5 Qc4 24. Rxc5 Qxa2 25. Qf5 Re8 26. Rxe8+ Rxe8 27. Rc8 Rxc8 28. Qxc8+ Kh7 29. Qf5+ g6 30. Qd3 Qb1+ 31. Kh2 Qe1 32. Qf3 Kg8 33. g3 h5 34. Kg2 Qe6 35. Qd3 Qc6+ 36. Kh2 Qf6 37. Qd4 Qf5 38. Qd2 h4 39. gxh4 Qe4 40. Kg3 Qe5+ 41. f4 Qe4 42. Qd3 Qe1+ 43. Kf3 Qxh4 44. c4 Qh1+ 45. Ke3 Qe1+ 46. Kd4 Qf2+ 47. Ke4 Qe1+ 48. Kd5 Qe6+ 49. Kc5 Qc8+ 50. Kd4 Qc7 51. Qe4 Qd6+ 52. Kc3 Qa3+ 53. Kd2 Qb4+ 54. Kd3 Qd6+ 55. Qd4 Qa6 56. c3 Qa1 57. c5 Qf1+ 58. Kc2 Qe2+ 59. Kb3 Qe6+ 60. Kb4 f6 61. Qd8+ Kg7 62. Qc7+ Kh6 63. Qd6 Qe4+ 64. Qd4 Qb1+ 65. Ka5 Qa2+ 66. Kb6 Qb3+ 67. Kc7 Qf7+ 68. Kc6 Qe6+ 69. Kc7 Qe7+ 70. Kb6 g5 71. fxg5+ fxg5 72. Qd6+ 1-0

[Event "GER-ch Blitz 2019"]
[Site "Magdeburg"]
[Date "2019.05.25"]
[Round "26.2"]
[White "Frischmann, Rick"]
[Black "Stern, Rene"]
[Result "1-0"]
[ECO "C45"]
[WhiteElo "2320"]
[BlackElo "2538"]
[Annotator "ChessBase"]
[PlyCount "67"]
[EventDate "2019.05.25"]
[EventType "tourn"]
[EventCountry "GER"]
[Tiebreak "Number of wins+Number of black wins"]
[SourceTitle "playchess.com"]
[Source "ChessBase"]
[SourceQuality "1"]
[TimeControl "180+2"]

1. e4 e5 2. Nf3 Nc6 3. d4 exd4 4. Nxd4 Nf6 5. Nxc6 bxc6 6. e5 Qe7 7. Qe2 Nd5 8. h4 a5 9. c4 Ba6 10. Rh3 Qb4+ 11. Kd1 Nb6 12. b3 O-O-O 13. Ba3 Qxa3 14. Nxa3 Bxa3 15. Kc2 Rhe8 16. f4 f6 17. Rd1 fxe5 18. fxe5 Re7 19. Re3 Bc5 20. Re4 Rde8 21. Qg4 Kb8 22. Bd3 g6 23. Rde1 Bc8 24. Qg5 Re6 25. g4 Bf8 26. Qf4 Bg7 27.
Qd2 Rxe5 28. Rxe5 Rxe5 29. Rxe5 Bxe5 30. Qxa5 d6 31. c5 Nd5 32. Be4 Bxg4 33. Bxd5 cxd5 34. Qb4+ 1-0

[Event "GER-ch Blitz 2019"]
[Site "Magdeburg"]
[Date "2019.05.25"]
[Round "26.3"]
[White "Schulz, Karsten"]
[Black "Zuyev, Igor"]
[Result "1/2-1/2"]
[ECO "A39"]
[WhiteElo "2227"]
[BlackElo "2447"]
[Annotator "NA"]
[PlyCount "68"]
[EventDate "2019.05.25"]
[EventType "tourn"]
[EventCountry "GER"]
[Tiebreak "Number of wins+Number of black wins"]
[SourceTitle "playchess.com"]
[Source "ChessBase"]
[SourceQuality "1"]
[TimeControl "180+2"]

1. Nf3 c5 2. c4 g6 3. g3 Nf6 4. Bg2 Bg7 5. Nc3 O-O 6. O-O Nc6 7. d4 cxd4 8.
Nxd4 Qb6 9. Nc2 d6 10. b3 Qa5 11. Bd2 Qh5 12. e4 Bd7 13. Qxh5 Nxh5 14. Rad1 Nf6 15. h3 Rac8 16. Ne3 a6 17. Ned5 Nxd5 18. Nxd5 Bd4 19. Be3 Bxe3 20. Nxe3 Rcd8 21. f4 b5 22. Kf2 f6 23. Rc1 Nb4 24. Ra1 bxc4 25.
Nxc4 Bb5 26. Rfd1 Bxc4 27. bxc4 a5 28. a3 Na6 29. Rab1 Nc5 30.
Ke3 Kf7 31. Rb5 Ke6 32. h4 Rde8 33. Rdb1 a4 34. Bf1 Kf7 1/2-1/2

[Event "GER-ch Blitz 2019"]
[Site "Magdeburg"]
[Date "2019.05.25"]
[Round "26.4"]
[White "Stein, Robert"]
[Black "Carow, Johannes"]
[Result "1-0"]
[ECO "D25"]
[WhiteElo "2318"]
[BlackElo "2445"]
[Annotator "NA"]
[PlyCount "77"]
[EventDate "2019.05.25"]
[EventType "tourn"]
[EventCountry "GER"]
[Tiebreak "Number of wins+Number of black wins"]
[SourceTitle "playchess.com"]
[Source "ChessBase"]
[SourceQuality "1"]
[TimeControl "180+2"]

1. d4 d5 2. c4 dxc4 3. Nf3 Nf6 4. e3 Bg4 5. Bxc4 e6 6. O-O a6 7. Be2 Nc6 8. b3 Be7 9. Bb2 O-O 10. Nbd2 b5 11. Rc1 Nb4 12. a3 Nbd5 13.
Ne5 Bxe2 14. Qxe2 Bd6 15. Nc6 Qd7 16. e4 Ne7 17. Na5 Bf4 18.
Rc2 c6 19. Nf3 Rfc8 20. b4 Bc7 21. Nb3 Bb6 22. Rfc1 Ng6 23.
g3 a5 24. Nc5 Qe7 25. Nd3 Qb7 26. Nfe5 Nxe5 27. Nxe5 axb4 28. axb4 Ne8 29. Nxc6 Nd6 30. d5 Nc4 31. Qg4 f5 32. Qg5 exd5 33. Ne7+ Kf7 34. Qxg7+ Ke8 35. Qg8+ Kd7 36. Nxc8 Rxc8 37. Qf7+ Kc6 38.
Qxd5+ Kc7 39. Be5# 1-0

[Event "GER-ch Blitz 2019"]
[Site "Magdeburg"]
[Date "2019.05.25"]
[Round "26.5"]
[White "Schneider, Ilja"]
[Black "Schmaltz, Roland"]
[Result "1-0"]
[ECO "B07"]
[WhiteElo "2494"]
[BlackElo "2461"]
[Annotator "ChessBase"]
[PlyCount "68"]
[EventDate "2019.05.25"]
[EventType "tourn"]
[EventCountry "GER"]
[Tiebreak "Number of wins+Number of black wins"]
[SourceTitle "playchess.com"]
[Source "ChessBase"]
[SourceQuality "1"]
[TimeControl "180+2"]

1. d4 g6 2. e4 d6 3. Nc3 Nf6 4. Nge2 Bg7 5. g3 O-O 6. Bg2 e5 7. dxe5 dxe5 8. Qxd8 Rxd8 9. Bg5 c6 10. O-O Nbd7 11. Rad1 Re8 12. Nc1 h6 13. Be3 Ng4 14. Bd2 Nc5 15. h3 Nf6 16. Be3 Ne6 17. Nd3 Nd7 18.
f4 exf4 19. gxf4 Nb6 20. e5 Nc4 21. Bc1 Nd4 22. Rf2 Nf5 23.
b3 Nce3 24. Re1 Nxg2 25. Kxg2 b6 26. Rd2 Bb7 27. Nf2 c5+ 28.
Nd5 Rad8 29. c4 Ne7 30. Red1 Nxd5 31. Kg3 g5 32. cxd5 gxf4+ 33. Kxf4 Bxe5+ 34. Kf3 Bd4 {[%emt 0:00:06] Ke4} 1-0

[Event "GER-ch Blitz 2019"]
[Site "Magdeburg"]
[Date "2019.05.25"]
[Round "26.6"]
[White "Kopylov, Daniel"]
[Black "Krause, Benedict"]
[Result "0-1"]
[ECO "B40"]
[WhiteElo "2263"]
[BlackElo "2434"]
[Annotator "NA"]
[PlyCount "106"]
[EventDate "2019.05.25"]
[EventType "tourn"]
[EventCountry "GER"]
[Tiebreak "Number of wins+Number of black wins"]
[SourceTitle "playchess.com"]
[Source "ChessBase"]
[SourceQuality "1"]
[TimeControl "180+2"]

1. e4 c5 2. Nf3 e6 3. g3 d5 4. exd5 exd5 5. d4 Nf6 6. Bg2 Be7 7. O-O O-O 8. dxc5 Bxc5 9. Bg5 Be6 10. Nc3 Nc6 11. Bxf6 Qxf6 12. Nxd5 Qxb2 13. Nf4 Rad8 14. Qb1 Qxb1 15. Raxb1 Bxa2 16. Rxb7 Nd4 17. Nd3 Nxf3+ 18. Bxf3 Bb6 19. Re1 Be6 20. Nf4 Bf5 21. c4 Rd2 22. Re2 Rxe2 23. Nxe2 Bd3 24. Nf4 Bxc4 25. Nd5 Ba6 26. Rd7 Bc8 27. Nxb6 Bxd7 28. Nxd7 Rc8 29. Ne5 a5 30. Nc6 Rc7 31. Nxa5 g6 32. Nb3 h5 33. h4 Kg7 34. Nd2 Rd7 35. Nf1 Ra7 36. Kg2 Ra5 37. Ne3 f6 38.
Be2 Ra2 39. Bd3 Ra3 40. Be2 Ra2 41. Bf3 Ra3 42. Bd5 g5 43.
Nf5+ Kg6 44. Be4 Kf7 45. Nd6+ Ke6 46. Nc4 Rc3 47. Ne3 Ke5 48. Bf3 g4 49. Bd5 Rxe3 50. fxe3 Kxd5 51. Kf2 Ke4 52. Ke2 f5 53. Kf2 Kd3 0-1

[Event "GER-ch Blitz 2019"]
[Site "Magdeburg"]
[Date "2019.05.25"]
[Round "26.7"]
[White "Hebbinghaus, Holger"]
[Black "Zelbel, Patrick"]
[Result "1/2-1/2"]
[ECO "C47"]
[WhiteElo "2310"]
[BlackElo "2439"]
[Annotator "NA"]
[PlyCount "50"]
[EventDate "2019.05.25"]
[EventType "tourn"]
[EventCountry "GER"]
[Tiebreak "Number of wins+Number of black wins"]
[SourceTitle "playchess.com"]
[Source "ChessBase"]
[SourceQuality "1"]
[TimeControl "180+2"]

1. e4 e5 2. Nf3 Nc6 3. Nc3 Nf6 4. d4 exd4 5. Nxd4 Bb4 6. Nxc6 bxc6 7. Bd3 O-O 8. O-O d5 9. exd5 cxd5 10. h3 Rb8 11. Qf3 Bb7 12. Bg5 Be7 13. Rfe1 d4 14. Ne4 Nxe4 15. Bxe7 Qxe7 16. Bxe4 Bxe4 17. Rxe4 Qb4 18. b3 Rfe8 19. Rd1 c5 20. a4 h6 21. Qe2 Rxe4
22. Qxe4 Rd8 23. Qe7 Qb6 24. Rd2 a6 25. Qe4 Qe6 1/2-1/2

[Event "GER-ch Blitz 2019"]
[Site "Magdeburg"]
[Date "2019.05.25"]
[Round "26.8"]
[White "Schulze, Marc"]
[Black "Barzen, Pascal"]
[Result "1-0"]
[ECO "A45"]
[WhiteElo "2220"]
[BlackElo "2292"]
[Annotator "NA"]
[PlyCount "81"]
[EventDate "2019.05.25"]
[EventType "tourn"]
[EventCountry "GER"]
[Tiebreak "Number of wins+Number of black wins"]
[SourceTitle "playchess.com"]
[Source "ChessBase"]
[SourceQuality "1"]
[TimeControl "180+2"]

1. d4 Nf6 2. Bf4 e6 3. e3 b6 4. Nf3 Bb7 5. Bd3 d5
6. Nbd2 Bd6 7. Bg3 O-O 8. c3 c5 9. Qe2 Nc6 10. dxc5 Bxc5 11.
e4 dxe4 12. Nxe4 Nxe4 13. Qxe4 g6 14. Qe2 Bd6 15. Rd1 e5 16.
Bb5 Qe7 17. O-O f6 18. Bxc6 Bxc6 19. Qc4+ Qf7 20. Qxc6 Bc5 21.
Qd5 Rfd8 22. Qxf7+ Kxf7 23. Rfe1 a5 24. Kf1 a4 25. a3 h5 26. h4 Ke7 27. Ke2 e4 28. Nd4 Bxd4 29. Rxd4 Rxd4 30. cxd4 Rc8 31. Kd2 Rc4 32. Rxe4+ Kd7 33. Bf4 b5 34. Kd3 Rc8 35. Re2 Rg8 36. Rc2 g5 37. hxg5 fxg5 38. Be5 h4 39. Ke4 g4 40. Rc7+ Kd8 41. Rh7 1-0

[Event "GER-ch Blitz 2019"]
[Site "Magdeburg"]
[Date "2019.05.25"]
[Round "26.9"]
[White "Heistermann, Till"]
[Black "Svane, Frederik"]
[Result "1-0"]
[ECO "A14"]
[WhiteElo "2181"]
[BlackElo "2342"]
[Annotator "NA"]
[PlyCount "171"]
[EventDate "2019.05.25"]
[EventType "tourn"]
[EventCountry "GER"]
[Tiebreak "Number of wins+Number of black wins"]
[SourceTitle "playchess.com"]
[Source "ChessBase"]
[SourceQuality "1"]
[TimeControl "180+2"]

1. c4 Nf6 2. g3 e6 3. Bg2 d5 4. Nf3 Be7 5. O-O O-O 6. b3 c5 7. cxd5 Nxd5 8.
Bb2 Bf6 9. Qc1 Nc6 10. Nc3 Nxc3 11. Bxc3 Nd4 12. Re1 Bd7 13. e3 Nxf3+ 14. Bxf3 Bxc3 15. Qxc3 Qb6 16. Rac1 Rac8 17. Red1 Bc6 18. Bxc6 Rxc6 19. Qe5 f6 20. Qe4 e5 21. Rc2 Rd8 22. Rdc1 Qa5 23. d3 Qb5 24. Rc3 Rcc8 25. Qc4+ Qxc4 26. bxc4 Rd6 27. Kf1 Kf7 28. Ke2 Rcd8 29. e4 Ra6 30. R1c2 Ra5 31. Rb3 Rd7 32. Rcb2 Ke6 33. Ke3 b6 34. Rb5 Ra4 35. R5b3 g6 36. f4 f5 37. exf5+ Kxf5 38. fxe5 Kxe5 39. a3 Kf5 40. Rf2+ Kg5 41. Rf4 Re7+ 42. Kf2 h5 43. h4+ Kh6 44. Rf6 Kg7 45. Rd6 Rf7+ 46. Kg2 Rf6 47. Rd7+ Rf7 48. Rd6 Rf6 49. Rd7+ Kh6 50. Re7 g5 51. hxg5+ Kxg5 52. Re5+ Kg6 53. Re8 Rd6 54. Re7 Rf6 55. Rd7 Re6 56. Rd8 Re2+ 57. Kf3 Ra2 58. Rd6+ Kg5 59. Rd5+ Kg6 60. Rd6+ Kg7 61. Rd7+ Kf6 62. Rd6+ Kf7 63. Rd7+ Ke6 64. Rd5 R2xa3 65. Rxa3 Rxa3 66. Ke4 b5 67. Rxc5 b4 68. Rxh5 b3 69. Rb5 a5 70. d4 a4 71. d5+ Kd7 72. c5 Ra2 73. Rb7+ Kc8 74.
c6 Re2+ 75. Kd4 b2 76. d6 a3 77. d7+ Kd8 78. Rb8+ Ke7 79. d8=Q+ Kf7 80. Qg8+ Ke7 81. Qe8+ Kd6 82. Qxe2 Kc7 83. Rb3 Kxc6 84. Qc4+ Kd7 85. Rb7+ Ke8 86. Qg8# 1-0

[Event "GER-ch Blitz 2019"]
[Site "Magdeburg"]
[Date "2019.05.25"]
[Round "26.10"]
[White "Heidrich, Manfred"]
[Black "Braeuning, Rudolf Wilhelm"]
[Result "1/2-1/2"]
[ECO "B22"]
[WhiteElo "2351"]
[BlackElo "2285"]
[Annotator "NA"]
[PlyCount "59"]
[EventDate "2019.05.25"]
[EventType "tourn"]
[EventCountry "GER"]
[Tiebreak "Number of wins+Number of black wins"]
[SourceTitle "playchess.com"]
[Source "ChessBase"]
[SourceQuality "1"]
[TimeControl "180+2"]

1. e4 c5 2. c3 d5 3. exd5 Qxd5 4. d4 Nc6 5. Nf3 Bf5 6. Be2 Bxb1 7. Rxb1 cxd4 8. cxd4 e6 9. a3 Nf6 10. Be3 Be7 11. O-O O-O 12. Qc2 Rac8 13. Qa4 Nd7 14. Rbc1 Nb6 15. Qb5 Qxb5 16. Bxb5 Na5 17. Ne5 Nb3 18. Rxc8 Rxc8 19. Bd3 Nd5 20. Rd1 Bf6 21. Nf3 Na5 22. Rc1 Rxc1+ 23. Bxc1 a6 24. Kf1 b5 25. Be4 Kf8 26. Ke2 h6 27.
Bxd5 exd5 28. Kd3 Ke7 29. Bd2 Nc6 30. h3 1/2-1/2

[Event "GER-ch Blitz 2019"]
[Site "Magdeburg"]
[Date "2019.05.25"]
[Round "26.11"]
[White "Voege, Tobias"]
[Black "Kirchner, Thomas"]
[Result "0-1"]
[ECO "A52"]
[WhiteElo "2294"]
[BlackElo "2311"]
[Annotator "NA"]
[PlyCount "96"]
[EventDate "2019.05.25"]
[EventType "tourn"]
[EventCountry "GER"]
[Tiebreak "Number of wins+Number of black wins"]
[SourceTitle "playchess.com"]
[Source "ChessBase"]
[SourceQuality "1"]
[TimeControl "180+2"]

1. d4 Nf6 2. c4 e5 3. dxe5 Ng4 4. Nf3 Bc5 5. e3 Nc6 6. Nc3 Ngxe5 7. Nxe5 Nxe5 8. Be2 O-O 9. O-O Re8 10. b3 a5 11. Bb2 Ra6 12. Ne4 Bf8 13. Ng3 Rd6 14. Qc2 Rh6 15. Nf5 Rg6 16. Qc3 d5 17. Ng3 Bb4 18. Qd4 c6 19. c5 b6 20. cxb6 Bd6 21. Rac1 Bb7 22. f4 c5 23. Qc3 Nd7 24. Bd3 Rxe3 25. Qd2 Rexg3 26. hxg3 Rxg3 27. Bb1 d4 28. Rf2 Nf6 29. Re1 Qxb6 30. Rfe2 Qc6 31. Rf2 g6 32. Bd3 Ng4 33. Be4 Qc7 34. Rfe2 Ba6 35. Bf3 Bxe2 36. Qxe2 Ne3 37. Qf2 Bxf4 38. Bc1 Rg5 39. Qb2 Re5 40. a3 Re8 41. Qf2 Bh6 42. Qh4 Kg7 43. b4 axb4 44. axb4 Qd6 45. bxc5 Qxc5 46. Bb2 Nf5 47. Bxd4+ Nxd4 48. Rxe8 Nxf3+ 0-1

[Event "GER-ch Blitz 2019"]
[Site "Magdeburg"]
[Date "2019.05.25"]
[Round "26.12"]
[White "Kopylov, Michael"]
[Black "Feuerstack, Aljoscha"]
[Result "0-1"]
[ECO "A57"]
[WhiteElo "2413"]
[BlackElo "2441"]
[Annotator "NA"]
[PlyCount "46"]
[EventDate "2019.05.25"]
[EventType "tourn"]
[EventCountry "GER"]
[Tiebreak "Number of wins+Number of black wins"]
[SourceTitle "playchess.com"]
[Source "ChessBase"]
[SourceQuality "1"]
[TimeControl "180+2"]

1. d4 Nf6 2. c4 c5 3. d5 b5 4. Nf3 g6 5. Qc2 Bg7 6. e4 O-O 7. cxb5 a6 8. a4 e6 9. dxe6 fxe6 10. Be2 axb5 11. Bxb5 Bb7 12. Nbd2 Na6 13. e5 Ng4 14. Nc4 Bxf3 15. gxf3 Nxe5 16. Nxe5 Bxe5 17. Qe4 Qf6 18. Bxd7 Nb4 19. O-O Rad8 20. Bb5 Rd4 21. Qe2 Nd5 22. f4 Nxf4 23. Bxf4 Qxf4 0-1

[Event "GER-ch Blitz 2019"]
[Site "Magdeburg"]
[Date "2019.05.25"]
[Round "26.13"]
[White "Wichmann, Cliff"]
[Black "Ehmann, Thilo"]
[Result "0-1"]
[ECO "A65"]
[WhiteElo "2280"]
[BlackElo "2291"]
[Annotator "NA"]
[PlyCount "118"]
[EventDate "2019.05.25"]
[EventType "tourn"]
[EventCountry "GER"]
[Tiebreak "Number of wins+Number of black wins"]
[SourceTitle "playchess.com"]
[Source "ChessBase"]
[SourceQuality "1"]
[TimeControl "180+2"]

1. d4 Nf6 2. c4 c5 3. d5 e6
4. Nc3 exd5 5. cxd5 d6 6. e4 g6 7. h3 Bg7 8. Nf3 O-O 9. Bd3 Nh5 10. Bg5 Bf6 11. Be3 a6 12. a4 Nd7 13. O-O Qe7 14. Re1 b6 15. Nd2 Bg5 16.
Nc4 Bxe3 17. Rxe3 Rb8 18. g3 Ne5 19. Nxe5 dxe5 20. Be2 Nf6 21. Qf1 Ra8 22. Rd1 Qd6 23. f4 Nd7 24. Bg4 f5 25. exf5 gxf5 26. Bf3 e4 27. Bg2 Nf6 28. Nb1 Bd7 29. b3 b5 30. Nc3 Rfb8 31. Kh2 Kh8 32. Qe2 bxa4 33. bxa4 Rb4 34. Qc2 Rab8 35. Re2 Rd4 36. Red2 Rbb4 37. Na2 Rxa4 38. Rxd4 cxd4 39. Nc1 Qxd5 40. Qc7 Kg7 41. Ne2 Rc4 42. Qa7 d3 43. Nc1 Qc5 44. Qxc5 Rxc5 45. Nb3 Rc3 46. Nd4 Rc4 47. Nb3 Ba4 48. Nd2 Bxd1 49. Nxc4 Bb3 50. Ne3 Be6 51. g4 fxg4 52. f5 gxh3 53. fxe6 hxg2 54. Kxg2 a5 55. Kf2 a4 56. Nf5+ Kf8 57. Nd4 a3 58. Nb3 h5 59. Ke3 Ke7 0-1

[Event "GER-ch Blitz 2019"]
[Site "Magdeburg"]
[Date "2019.05.25"]
[Round "26.14"]
[White "Braeuer, Franz"]
[Black "Koch, Thomas"]
[Result "0-1"]
[ECO "B90"]
[WhiteElo "2445"]
[BlackElo "2474"]
[Annotator "ChessBase"]
[PlyCount "114"]
[EventDate "2019.05.25"]
[EventType "tourn"]
[EventCountry "GER"]
[Tiebreak "Number of wins+Number of black wins"]
[SourceTitle "playchess.com"]
[Source "ChessBase"]
[SourceQuality "1"]
[TimeControl "180+2"]

1. e4 c5 2. Nf3 d6 3. d4 cxd4 4. Nxd4 Nf6 5. Nc3 a6 6. Be3 Ng4 7. Bg5 h6 8. Bc1 Nc6 9. Nxc6 bxc6 10.
Be2 Nf6 11. O-O e6 12. Bd3 Be7 13. b3 O-O 14. Bb2 e5 15. Na4 Re8 16. c4 Bf8 17. Re1 c5 18. Nc3 Bg4 19. Be2 Bd7 20. Qd3 Bc6 21. Bf1 Nh5 22. g3 g6 23. Rad1 Ng7 24. Bc1 Ne6 25. Nd5 Nd4 26. Bb2 Bg7 27. Bg2 a5 28. Bxd4 exd4 29. a4 Rb8 30. Rb1 Qd7 31. Bf3 Rb7 32. Bd1 Reb8 33. Bc2 Rf8 34. Re2 Rbb8 35. Rbe1 Rfe8 36. Qd2 Qd8 37. Qd3 Bd7 38. Kg2 Qc8 39. f3 Bh3+ 40. Kg1 Be6 41.
Nf4 Bd7 42. Nd5 Be5 43. Rf2 Bg7 44. Ree2 h5 45. Qd2 Kh7 46. Qxa5 d3 47. Bxd3 Bd4 48. Bc2 Bc6 49. Kg2 Bxd5 50. exd5 Bxf2 51. Rxf2 Qd8 52. Qc3 Qe7 53. a5 Qe3 54. Bd3 Qe1 55. Qxe1 Rxe1 56. Ra2 Ra8 57. Kf2 Re7 0-1

[Event "GER-ch Blitz 2019"]
[Site "Magdeburg"]
[Date "2019.05.25"]
[Round "26.15"]
[White "Baskin, Robert"]
[Black "Buhmann, Rainer"]
[Result "1/2-1/2"]
[ECO "A45"]
[WhiteElo "2398"]
[BlackElo "2573"]
[Annotator "ChessBase"]
[PlyCount "105"]
[EventDate "2019.05.25"]
[EventType "tourn"]
[EventCountry "GER"]
[Tiebreak "Number of wins+Number of black wins"]
[SourceTitle "playchess.com"]
[Source "ChessBase"]
[SourceQuality "1"]
[TimeControl "180+2"]

1. d4 Nf6 2. Bf4 e6 3. e3 d5 4. Nd2 c5 5. c3 Nc6 6. Ngf3 cxd4 7. exd4 Nh5 8. Be3 Bd6 9. Ne5 g6 10. g4 Ng7 11. h4 Nxe5 12. dxe5 Bxe5 13. h5 O-O 14. Nf3 Bf6 15. Qd2 d4 16. cxd4 Bd7 17. hxg6 fxg6 18. Rh3 Bc6 19. Be2 Rc8 20. Ne5 Bd5 21. a3 Qc7 22. Rc1 Qe7 23.
Rxc8 Rxc8 24. Bd3 Bxe5 25. dxe5 Qc7 26. Bd4 Qc1+ 27. Qxc1 Rxc1+ 28. Kd2 Rg1 29. f3 Rg2+ 30. Ke3 b6 31. Rh1 h5 32. gxh5 gxh5 33. Rc1 Nf5+ 34. Bxf5 exf5 35. Kf4 Rd2 36. Rc8+ Kf7 37. Bc3 Rd3 38. Kxf5 Rxf3+ 39. Kg5 Rg3+ 40. Kxh5 Ke6 41. Re8+ Kd7 42. Rf8 a5 43. Rf6 Be6 44. Kh4 Rg4+ 45. Kh5 Rg3 46. Kh6 Ke7 47. Rg6 Rxg6+ 48. Kxg6 a4 49. Kg5 b5 50. Kf4 Bc4 51. Ke4 Ke6 52. Kd4 Be2 53. Ke4 {Kxe5+} 1/2-1/2

[Event "GER-ch Blitz 2019"]
[Site "Magdeburg"]
[Date "2019.05.25"]
[Round "27.1"]
[White "Gustafsson, Jan"]
[Black "Frischmann, Rick"]
[Result "0-1"]
[ECO "A04"]
[WhiteElo "2639"]
[BlackElo "2320"]
[Annotator "ChessBase"]
[PlyCount "130"]
[EventDate "2019.05.25"]
[EventType "tourn"]
[EventCountry "GER"]
[Tiebreak "Number of wins+Number of black wins"]
[SourceTitle "playchess.com"]
[Source "ChessBase"]
[SourceQuality "1"]
[TimeControl "180+2"]

1. Nf3 Nc6 2. d4 d5 3. e3 Bg4 4. Be2 Nf6 5. O-O Bxf3 6. Bxf3 e5 7. c4 exd4 8. exd4 Be7 9. cxd5 Nxd5 10. Nc3 Nb6 11. Bxc6+ bxc6 12. Qg4 O-O 13. Bh6 Bf6 14. Rad1 Nd5 15. Ne4 Kh8 16. Bc1 Re8 17. Rd3 Nb4 18. Rh3 Kg8 19. Qf5 Qxd4 20. Qxh7+ Kf8 21. Re1 Nd3 22. Be3 Qxe4 23. Bc5+ Nxc5 24. Rxe4 Rxe4 25. g3 Rd8 26. Qf5 Re5 27. Qc2 Ke7 28. b4 Nd3 29. Qxc6 Re1+ 30. Kg2 Re2 31. Qxc7+ Rd7 32. Qc4 Rxf2+ 33. Kh1 Bd4 34. Qxd3 Bb6 35. Qe4+ Kf6 36. Qe1 Rfd2 37. g4 Rd1 38. Rf3+ Kg6 39. Qxd1 Rxd1+ 40. Kg2 Rd2+ 41. Kg3 Rxa2 42. h4 f6 43. h5+ Kf7 44. g5 Bc7+ 45. Kh3 Rh2+ 46. Kg4 Rg2+ 47. Kh4 Rxg5 48. Rc3 Bb6 49. Rc6 Kg8 50. h6 Rg6 51. hxg7 Kxg7 52. Kh5 Rg5+ 53. Kh4 Rb5 54. Rc4 Kg6 55. Kg4 f5+ 56. Kf3 Kg5 57. Kg3 Re5 58. Kf3 Re3+ 59. Kg2 f4 60. Rc8 Rb3 61. Rc4 Kg4 62. Kf1 Rb2 63. Ke1 Kg3 64. Kd1 f3 65. Kc1 Rh2 0-1

[Event "GER-ch Blitz 2019"]
[Site "Magdeburg"]
[Date "2019.05.25"]
[Round "27.2"]
[White "Zuyev, Igor"]
[Black "Hirneise, Jens"]
[Result "1-0"]
[ECO "B23"]
[WhiteElo "2447"]
[BlackElo "2375"]
[Annotator "NA"]
[PlyCount "49"]
[EventDate "2019.05.25"]
[EventType "tourn"]
[EventCountry "GER"]
[Tiebreak "Number of wins+Number of black wins"]
[SourceTitle "playchess.com"]
[Source "ChessBase"]
[SourceQuality "1"]
[TimeControl "180+2"]

1. e4 c5 2. Nc3 Nc6 3. f4 g6 4. Nf3 Bg7 5. Bb5 Nd4 6. O-O a6 7. Bc4 d6 8. e5 Be6 9. Bxe6 Nxe6 10. Ng5 Qd7 11. d3 Nh6 12. exd6 exd6 13. Nd5 Rb8 14. f5 gxf5 15. Qh5 O-O 16. Nxh7 Kxh7 17. Bxh6 Rh8 18. Rf3 Bd4+ 19. Be3+ Kg8 20. Qxf5 Bxe3+ 21.
Rxe3 Rh6 22. Rh3 Rg6 23. Nf6+ Rxf6 24. Qxf6 Ng7 25. Rg3 1-0

[Event "GER-ch Blitz 2019"]
[Site "Magdeburg"]
[Date "2019.05.25"]
[Round "27.3"]
[White "Stern, Rene"]
[Black "Stein, Robert"]
[Result "1-0"]
[ECO "D45"]
[WhiteElo "2538"]
[BlackElo "2318"]
[Annotator "ChessBase"]
[PlyCount "81"]
[EventDate "2019.05.25"]
[EventType "tourn"]
[EventCountry "GER"]
[Tiebreak "Number of wins+Number of black wins"]
[SourceTitle "playchess.com"]
[Source "ChessBase"]
[SourceQuality "1"]
[TimeControl "180+2"]

1. Nf3 Nf6 2. c4 e6 3. Nc3 d5 4. d4 c6 5. e3 Nbd7 6. Be2 dxc4 7. a4 Bd6 8. Nd2 e5 9. Nxc4 Bc7 10. d5 cxd5 11. Nxd5 Nxd5 12. Qxd5 O-O 13. O-O Nb6 14. Nxb6 axb6 15. Bf3 Qxd5 16. Bxd5 Bd7 17. b3 b5 18. Bxb7 Ra7 19. Rd1 Be6 20. Bd5 bxa4 21. Bxe6 fxe6 22. bxa4 Rfa8 23. Rd7 e4 24. g3 Be5 25. Rxa7 Rxa7 26. Ra2 Bc3 27. Kf1 Kf7 28. Ke2 Kf6 29. Bd2 Bxd2 30. Kxd2 Kf5 31. h3 Ke5 32. Kc3 Kd5 33. a5 Rc7+ 34. Kb4 Rb7+ 35. Kc3 Kc5 36. a6 Ra7 37. Ra5+ Kb6 38. Kb4 Kc6 39. Kc4 Kb6 40. Ra2 Kc6 41. Kd4 1-0

[Event "GER-ch Blitz 2019"]
[Site "Magdeburg"]
[Date "2019.05.25"]
[Round "27.4"]
[White "Schmaltz, Roland"]
[Black "Schulz, Karsten"]
[Result "1/2-1/2"]
[ECO "B06"]
[WhiteElo "2461"]
[BlackElo "2227"]
[Annotator "ChessBase"]
[PlyCount "90"]
[EventDate "2019.05.25"]
[EventType "tourn"]
[EventCountry "GER"]
[Tiebreak "Number of wins+Number of black wins"]
[SourceTitle "playchess.com"]
[Source "ChessBase"]
[SourceQuality "1"]
[TimeControl "180+2"]

1. e4 g6 2. d4 Bg7 3. Nc3 d6 4. Be3 a6 5. Nf3 b5 6. Bd3 Nd7 7. a4 b4 8. Ne2 c5 9. c3 bxc3 10. bxc3 Qc7 11. O-O Ngf6 12. h3 O-O 13. a5 Bb7 14.
Ng3 d5 15. e5 Ne4 16. Ne2 f5 17. exf6 exf6 18. Bf4 Qc6 19. dxc5 Ndxc5 20. Nfd4 Qd7 21. Bc2 Rac8 22. f3 Nd6 23. Bxd6 Qxd6 24. Rb1 Ba8 25. Rb6 Qd7 26. Qd2 Rfe8 27. h4 Ne6 28. Rxa6 Nxd4 29. Nxd4 Qc7 30. Ba4 Re7 31. Nc6 Bxc6 32. Bxc6 Kh8 33. Qxd5 f5 34. c4 Qf4 35. Rd1 Be5 36. Qc5 Qh2+ 37. Kf1 Qh1+ 38. Qg1 Qxh4 39. Bd5 Rce8 40. Qf2 Qh1+ 41. Qg1 Qh4 42. Qf2 Bg3 43. Qb2+ Be5 44. Qf2 Bg3 45. Qb2+ Be5 1/2-1/2

[Event "GER-ch Blitz 2019"]
[Site "Magdeburg"]
[Date "2019.05.25"]
[Round "27.5"]
[White "Carow, Johannes"]
[Black "Kopylov, Daniel"]
[Result "1-0"]
[ECO "D35"]
[WhiteElo "2445"]
[BlackElo "2263"]
[Annotator "NA"]
[PlyCount "45"]
[EventDate "2019.05.25"]
[EventType "tourn"]
[EventCountry "GER"]
[Tiebreak "Number of wins+Number of black wins"]
[SourceTitle "playchess.com"]
[Source "ChessBase"]
[SourceQuality "1"]
[TimeControl "180+2"]

1. d4 d5 2. c4 e6 3. Nc3 Nf6 4. cxd5 exd5 5. Bg5 c6 6. e3 Be7 7. Bd3 Bg4 8. Nge2 O-O 9. Qc2 g6 10. Nf4 Ne8 11. Bh6 Ng7 12. h3 Be6 13.
O-O-O b5 14. Kb1 a5 15. h4 Bxh4 16. Rh2 Re8 17. Bxg7 Kxg7 18. Rdh1 Bf6 19. Rxh7+ Kg8 20. Bxg6 fxg6 21. Qxg6+ Kf8
22. Nxe6+ Rxe6 23. Qf7# 1-0